cohdb
Replays
Latest Replays
All Replays
Popular Replays
Top Player Replays
Match Explorer
How It Works
Community
CoH3 Stats
Reddit
Sign in to upload your games and track your stats! →
Sign in with Steam
Match 43055916
Unlisted
Match 43055916
Overview
Messages
Build Orders
End
Construct Barracks
Selects Heavy Weapons
Scout Squad
Riflemen Squad
M1 Mortar Team
Riflemen Squad
Infantry Support Center
Construct Medical Station
Construct Weapon Support Center
Selects Assault Carriers
Selects Exchangeable Parts
M3 Assault Carrier
M3 Assault Carrier
Grenade Package
woof_raff
Friendly Mouse(Poxie)
Grover the Trash Hermit
dalidalia
0
0
Comments
sign in to comment!
No comments posted yet!